 Dungeon Crawl Stone Soup version 0.31.0-11-ge490571c62 (webtiles) character file.

Game seed: 3777042934697139299

3569 Ivernyr the Cruncher (level 10, -12/80 HPs)
             Began as a Formicid Fighter on Feb 7, 2024.
             Was a Follower of Wu Jian.
             Engulfed by a fire crab's flame (20 damage)
             ... on level 8 of the Dungeon on Feb 8, 2024.
             The game lasted 00:19:19 (7804 turns).

Ivernyr the Cruncher (Formicid Fighter)             Turns: 7804, Time: 00:19:20

Health: -12/80     AC: 14    Str: 24    XL:     10   Next: 30%
Magic:  10/10      EV:  8    Int:  9    God:    Wu Jian [*.....]
Gold:   403        SH:  7    Dex: 19    Spells: 9/9 levels left

rFire   . . .        a - +0 quarterstaff
rCold   . . .        c - +0 buckler
rNeg    . . .        b - +2 chain mail {Will+}
rPois   .            (helmet unavailable)
rElec   .            (no cloak)
rCorr   .            u - +0 pair of gloves
SInv    +            (no boots)
Will    ++...        l - amulet of the acrobat Stlth
                     n - +6 ring of dexterity
HPRegen 0.33/turn    (no ring)
MPRegen 0.12/turn

%: acrobat
@: no status effects
A: permanent stasis, dig shafts and tunnels, antennae 3, four strong arms
a: Dig, Shaft Self, Renounce Religion


You were on level 8 of the Dungeon.
You worshipped Wu Jian.
Wu Jian was aware of your devotion.
You visited 2 branches of the dungeon, and saw 9 of its levels.

You collected 403 gold pieces.

Inventory:

Hand Weapons
 a - a +0 quarterstaff (weapon)
Armour
 b - a +2 chain mail of willpower (worn)
 c - a +0 buckler (worn)
 u - a +0 pair of gloves (worn)
Jewellery
 l - an amulet of the acrobat (around neck)
 n - a +6 ring of dexterity (left hand)
Wands
 t - a wand of charming (13)
 B - a wand of roots (5)
Scrolls
 e - 3 scrolls of teleportation {unknown}
 f - 13 scrolls of identify {unknown}
 g - 2 scrolls of enchant weapon {unknown}
 i - 2 scrolls of blinking {unknown}
 j - a scroll of amnesia {unknown}
 k - a scroll of enchant armour {unknown}
 m - a scroll of immolation {unknown}
 o - a scroll of vulnerability {unknown}
 p - 2 scrolls of revelation {unknown}
 r - a scroll of silence {unknown}
 s - a scroll of poison {unknown}
 x - a scroll of butterflies {unknown}
 y - a scroll of fear {unknown}
Potions
 d - a potion of ambrosia {unknown}
 h - 2 potions of degeneration {unknown}
 q - a potion of magic {unknown}
 v - a potion of lignification {unknown}
 w - 2 potions of mutation {unknown}
 z - a potion of attraction {unknown}
 A - 3 potions of haste


   Skills:
 + Level 7.6 Fighting
 * Level 9.2 Staves
 + Level 7.6 Armour
 + Level 9.2 Shields


You had 9 spell levels left.
You didn't know any spells.
Your spell library contained the following spells:

 Spells                   Type           Power      Damage    Failure   Level
 Freeze                   Ice            0%         1d3       91%         1
 Slow                     Hex            0%         N/A       91%         1
 Confusing Touch          Hex            0%         N/A       100%        3
 Dazzling Flash           Conj/Hex       0%         N/A       100%        3
 Frozen Ramparts          Ice            0%         1d1       100%        3
 Hailstorm                Conj/Ice       0%         3d5       100%        3
 Mephitic Cloud           Conj/Alch/Air  0%         N/A       100%        3
 Sigil of Binding         Hex            0%         N/A       100%        3
 Vampiric Draining        Necr           0%         2d6       100%        3
 Cause Fear               Hex            0%         N/A       100%        4
 Summon Blazeheart Golem  Fire/Summ      0%         N/A       100%        4
 Curse of Agony           Necr           0%         N/A       100%        5
 Silence                  Hex/Air        0%         N/A       100%        5
 Conjure Ball Lightning   Conj/Air       0%         3x3d6     100%        6
 Enfeeble                 Hex            0%         N/A       100%        7
 Orb of Destruction       Conj           0%         9d5       100%        7
 Spellforged Servitor     Conj/Summ      0%         N/A       100%        7


Dungeon Overview and Level Annotations

Branches:
Dungeon (8/15)             Temple (1/1) D:6            Lair (0/5) D:8

Altars:
Ashenzari
Cheibriados
Dithmenos
Elyvilon
Fedhas
Gozag
Hepliaklqana
Kikubaaqudgha
Makhleb
Nemelex Xobeh
Okawaru
Sif Muna
Trog
Uskayaw
Vehumet
Wu Jian
Xom
Yredelemnul
Zin
The Shining One
Jiyva


Innate Abilities, Weirdness & Mutations

You cannot be hasted, slowed, berserked, paralysed or teleported.
You can dig through walls and to a lower floor.
You have a pair of large antennae on your head. (SInv)
Your four strong arms can wield two-handed weapons with a shield.


Message History

Found a leather armour.
A fire crab comes into view.
Found a staircase to the Lair.
The fire crab breathes flames at you.
The blast of flame engulfs you but does no damage.
You're standing in a cloud of flame!
You are engulfed in blazing flames.
You are engulfed in blazing flames.
You start resting.
A fire crab is nearby!
You block the fire crab's attack. The fire crab completely misses you.
You thump the fire crab!
The fire crab is moderately wounded.
The fire crab completely misses you. The fire crab closely misses you.
You hit the fire crab but do no damage.
The fire crab is moderately wounded.
The fire crab bites you but does no damage.
The fire crab claws you!
You are engulfed in flames!
You sock the fire crab!
The fire crab is heavily wounded.
You barely miss the fire crab.
The fire crab is heavily wounded.
You block the fire crab's attack. The fire crab claws you.
You are engulfed in flames!
* * * LOW HITPOINT WARNING * * *
You hit the fire crab but do no damage.
The fire crab is heavily wounded.
The fire crab bites you but does no damage.
The fire crab claws you.
* * * LOW HITPOINT WARNING * * *
You are engulfed in flames!
* * * LOW HITPOINT WARNING * * *
It was a potion of haste.
Your stasis prevents you from being hasted.
The fire crab breathes flames at you.
The blast of flame engulfs you but does no damage.
You hit the fire crab.
The fire crab is heavily wounded.
You are engulfed in blazing flames.
You die...

#........ ≈§.≈≈≈≈§.
#.....:.. .≈≈≈>≈§§§#
#........ .≈§≈..≈≈..
#####........ ..§≈§≈≈≈.##
#............ ..≈≈≈≈...
#.#.#........
.○.○..#####............
#.#.#.#○##○○○.............
#.[...○○t@○####._8_.......
############ #......#####
#.....## #######


You could see a fire crab.

Vanquished Creatures
  A cyclops (D:8)
  Prince Ribbit (D:8)
  A wyvern (D:7)
  A steam dragon (D:7)
  A water moccasin (D:6)
  An acid dragon (D:8)
  2 black bears
  An ice beast (D:6)
  2 ogres
  A centaur (D:6)
  Blork the orc (D:4)
  A phantom (D:4)
  A kobold brigand (D:7)
  3 bullfrogs
  A gnoll sergeant (D:8)
  A scorpion (D:5)
  13 wights
  A howler monkey (D:6)
  4 bombardier beetles
  A jelly (D:6)
  2 orc priests
  A gnoll bouda (D:6)
  An iguana (D:4)
  2 sleepcaps (D:6)
  2 orc wizards (D:6)
  17 gnolls
  8 adders
  2 shadow imps
  4 white imps
  4 ufetubi
  9 dart slugs
  A ribbon worm (D:2)
  14 orcs
  8 ball pythons
  7 endoplasms
  3 giant cockroaches
  11 goblins
  2 hobgoblins
  4 jackals (D:5)
  A quokka (D:2)
  6 bats
  2 frilled lizards
  5 kobolds
  5 rats
160 creatures vanquished.

Vanquished Creatures (others)
  An orc wizard (D:6)
1 creature vanquished.

Grand Total: 161 creatures vanquished

Notes
Turn   | Place    | Note
-------+----------+-------------------------------------------
     0 | D:1      | Ivernyr the Formicid Fighter began the quest for the Orb.
     0 | D:1      | Reached XP level 1. HP: 18/18 MP: 1/1
   201 | D:1      | Reached XP level 2. HP: 16/24 MP: 2/2
   317 | D:1      | Reached XP level 3. HP: 22/29 MP: 3/3
   787 | D:2      | Reached XP level 4. HP: 37/37 MP: 4/4
   842 | D:2      | Found the +18 Lear's hauberk
  1437 | D:3      | Found a shimmering altar of Xom.
  1891 | D:4      | Noticed a phantom
  1903 | D:4      | Killed a phantom
  1904 | D:4      | Reached XP level 5. HP: 26/42 MP: 5/5
  2054 | D:4      | Reached skill level 5 in Shields
  2079 | D:4      | Reached XP level 6. HP: 26/48 MP: 6/6
  2316 | D:4      | Noticed Blork the orc
  2326 | D:4      | Killed Blork the orc
  2512 | D:4      | Noticed an ogre
  2521 | D:4      | Killed an ogre
  2609 | D:4      | Found a snail-covered altar of Cheibriados.
  2628 | D:4      | Reached XP level 7. HP: 55/55 MP: 7/7
  2907 | D:4      | Got Kutody's Exposition on Jinxing and the Cumulonimbus
  3124 | D:5      | Entered Level 5 of the Dungeon
  3130 | D:5      | Reached skill level 5 in Staves
  3542 | D:5      | Reached skill level 5 in Armour
  3671 | D:5      | Found a white marble altar of Elyvilon.
  3711 | D:5      | Reached skill level 5 in Fighting
  3903 | D:5      | Reached XP level 8. HP: 62/62 MP: 8/8
  4048 | D:5      | Found a sparkling altar of Nemelex Xobeh.
  4538 | D:6      | Found a staircase to the Ecumenical Temple.
  4548 | Temple   | Entered the Ecumenical Temple
  4565 | Temple   | Became a worshipper of the Wu Jian Council
  4828 | D:6      | Reached XP level 9. HP: 29/69 MP: 9/9
  5413 | D:6      | Found an opulent altar of Gozag.
  6570 | D:8      | Noticed a cyclops
  6585 | D:8      | Killed a cyclops
  6763 | D:8      | Reached * piety under Wu Jian
  6833 | D:8      | Reached XP level 10. HP: 27/78 MP: 10/10
  7064 | D:8      | Found a hazy altar of Hepliaklqana.
  7188 | D:8      | Noticed Prince Ribbit
  7189 | D:8      | Found a shimmering blue altar of Sif Muna.
  7457 | D:8      | Killed Prince Ribbit
  7770 | D:8      | Found a shadowy altar of Dithmenos.
  7772 | D:8      | Found a hide-covered altar of Uskayaw.
  7790 | D:8      | Found a staircase to the Lair.
  7790 | D:8      | Noticed a fire crab
  7804 | D:8      | Engulfed by a fire crab's flame

Illustrated notes

Levels and vault maps discovered:
D:1:      dpeg_arrival_more_subterranean_lakeside_camping, layout_loops_ring,
          nicolae_grassy_gnolls
D:2:      layout_loops_ring, wad_floor_pattern_1
D:3:      wander_river, layout_rooms, lemuel_crystal_altar
D:4:      kennysheep_slugbush, layout_cave_pools, lemuel_doored_altar,
          serial_library, serial_library_hellmonk_layered_room,
          serial_library_hellmonk_room_b, serial_library_hellmonk_metal_room,
          serial_library_hellmonk_small_corner, serial_library_hellmonk_room_c,
          serial_library_hellmonk_layered_room,
          serial_library_hellmonk_recessed_alcove,
          serial_library_hellmonk_h_bend, serial_library_hellmonk_room_c,
          serial_library_hellmonk_room_c, serial_library_hellmonk_hallway_b,
          uniq_blork_the_orc
D:5:      layout_cave_pools, nemelex_spade_bored_becter, marbit_many_paths
D:6:      layout_cave_pools, grunt_gozag_breadcrumbs,
          minmay_temple_entry_crystal_x
D:7:      layout_loops_cross
D:8:      kennysheep_seaside_town, layout_basic, kennysheep_mini_moat,
          chequers_temple_overflow_statue_of_worship,
          mainiacjoe_overflow_boulevard, minmay_lair_entry_lava,
          uniq_prince_ribbit1
Temple:   pf_slime_end_temple

Skill      XL: |  1  2  3  4  5  6  7  8  9 10 |
---------------+-------------------------------+-----
Staves         | 3 4 5 6 8 9 |  9.2
Fighting       | 4 5 6 7 |  7.6
Armour         | 4 5 6 7 |  7.6
Shields        | 5 6 7 8 9 |  9.2

Action                     |  1- 3 |  4- 6 |  7- 9 | 10-12 || total
---------------------------+-------+-------+-------+-------++-------
  Melee: Quarterstaff      |    56 |   116 |   391 |   111 ||   674
Ability: Dig               |     2 |     1 |     1 |       ||     4
         Lunge             |       |       |     7 |     3 ||    10
         Whirlwind         |       |       |       |     4 ||     4
    Use: Potion            |       |     1 |       |     2 ||     3
 Armour: Scale mail        |    28 |    62 |    74 |       ||   164
         Chain mail        |       |       |   219 |    75 ||   294
  Dodge: Dodged            |    20 |    78 |   170 |    41 ||   309
  Block: Buckler           |    15 |    32 |   136 |    36 ||   219
